 Dungeon Crawl Stone Soup version 0.29.1-15-g9cfb28693d (webtiles) character file.

Game seed: 14067373211210114898

2030 raph the Destroyer (level 9, 0/49 HPs)
             Began as a Deep Elf Conjurer on May 1, 2023.
             Was a Follower of Vehumet.
             Slain by a water moccasin (6 damage)
             ... on level 7 of the Dungeon.
             The game lasted 00:12:17 (8283 turns).

raph the Destroyer (Deep Elf Conjurer)              Turns: 8283, Time: 00:12:17

Health: 0/49       AC:  3    Str:  4    XL:     9   Next: 3%
Magic:  24/30      EV: 13    Int: 28    God:    Vehumet [*.....]
Gold:   387        SH:  5    Dex: 13    Spells: 8/22 levels left

rFire   . . .      SeeInvis .   v - +4 short sword
rCold   . . .      Faith    .   (no shield)
rNeg    . . .      Spirit   .   a - +1 robe
rPois   .          Reflect  +   (no helmet)
rElec   .          Harm     .   (no cloak)
rCorr   +          Rampage  .   (no gloves)
Will    .....                   (no boots)
Stlth   ++........              w - amulet of reflection
HPRegen 0.16/turn               r - ring of magical power
MPRegen 0.22/turn               d - ring of resist corrosion

@: about to teleport
A: no striking features
a: Renounce Religion


You were on level 7 of the Dungeon.
You worshipped Vehumet.
Vehumet was aware of your devotion.
You visited 2 branches of the dungeon, and saw 8 of its levels.

You collected 387 gold pieces.

Inventory:

Hand Weapons
 e - a +0 dagger
 k - a +0 scimitar
 s - a +0 short sword of freezing
 t - a +2 dagger of chaos
 u - a +1 dagger of venom
 v - a +4 short sword (weapon)
Armour
 a - a +1 robe (worn)
Jewellery
 d - a ring of resist corrosion (right hand)
 r - a ring of magical power (left hand)
 w - an amulet of reflection (around neck)
Wands
 i - a wand of polymorph (10)
 x - a wand of charming (7)
Scrolls
 c - a scroll of fear
 g - a scroll of immolation
 j - a scroll of fog
 m - a scroll of poison
 o - a scroll of vulnerability
Potions
 b - a potion of magic
 f - a potion of haste
 h - 3 potions of lignification
 n - a potion of flight {unknown}
 p - 2 potions of attraction
 q - 2 potions of cancellation


   Skills:
 + Level 2.4 Fighting
 + Level 4.5 Dodging
 - Level 2.4 Stealth
 + Level 7.0 Spellcasting
 * Level 9.6 Conjurations
 + Level 6.1 Hexes
 + Level 3.2 Translocations


You had 8 spell levels left.
You knew the following spells:

 Your Spells              Type           Power      Damage    Failure   Level
a - Magic Dart            Conj           100%       1d8       1%          1
b - Searing Ray           Conj           100%       2d8       1%          2
c - Dazzling Flash        Conj/Hex       100%       N/A       1%          3
d - Fulminant Prism       Conj/Hex       26%        3d14      2%          4
e - Iskenderun's Mystic   Conj/Tloc      45%        2d10      3%          4

Your spell library contained the following spells:

 Spells                   Type           Power      Damage    Failure   Level
 Foxfire                  Conj/Fire      100%       2x1d9     1%          1
 Gell's Gravitas          Tloc           28%        N/A       4%          3
 Lesser Beckoning         Tloc           28%        N/A       4%          3
 Teleport Other           Tloc           28%        N/A       4%          3


Dungeon Overview and Level Annotations

Branches:
Dungeon (7/15)             Temple (1/1) D:5

Altars:
Ashenzari
Cheibriados
Dithmenos
Elyvilon
Fedhas
Gozag
Hepliaklqana
Kikubaaqudgha
Makhleb
Nemelex Xobeh
Trog
Vehumet
Wu Jian
Xom
The Shining One

Shops:
D:6 (


Message History

The puff of flame hits the orc wizard!
You kill the orc wizard!
Vehumet accepts your kill.
A jelly comes into view.
The jelly quivers.
You puncture the orc!
You kill the orc!
Vehumet accepts your kill.
You can now gain magical power from killing.
Vehumet offers you knowledge of Foxfire.
A scorpion comes into view.
An orc comes into view. It is wielding a +0 flail.
The jelly enters a dispersal trap!
The scorpion blinks!
The water moccasin blinks!
The scorpion blinks!
You blink.
Found a scale mail.
Your fulminant prism crackles loudly.
The scorpion moves out of view.
An orc comes into view. It is wielding a +0 flail.
Your fulminant prism explodes!
The blast of energy engulfs you!!
Ouch! That really hurt!
* * * LOW HITPOINT WARNING * * *
The blast of energy engulfs the orc!!
You kill the orc!
Vehumet accepts your kill.
You hear a loud, deep croak!
Things that are here:
a +0 dagger; a +0 robe; an orc corpse
Found a stone staircase leading down.
A sky beast comes into view.
As you read the scroll of teleportation, it crumbles to dust.
You feel strangely unstable. You block the water moccasin's attack.
The orc hits you with a +0 flail!
* * * LOW HITPOINT WARNING * * *
The water moccasin attacks as you move away!
The water moccasin bites you.
* * * LOW HITPOINT WARNING * * *
You block the water moccasin's attack.
The water moccasin attacks as you move away!
The water moccasin bites you.
You die...

.. ............[.≈.
....##........#.≈§≈.
....#...#.J)<...≈..≈
...#...........≈...
#....)..).....#≈.≈
##.....#.)...#.# ≈
##......).).#.###
##...#oo.....#.#
#...Y@So.....#.#
...>....######....
.....#### .#.# #...
#.... ..# .... . ..


You could see a water moccasin, a sky beast, a jelly and 3 orcs.

Vanquished Creatures
  A sky beast (D:6)
  2 black bears (D:6)
  2 ogres (D:5)
  A bullfrog (D:6)
  A gnoll sergeant (D:6)
  A necrophage (D:6)
  A scorpion (D:6)
  10 wights
  A howler monkey (D:6)
  A crimson imp (D:4)
  2 gnoll boudas
  4 orc priests
  2 hounds (D:5)
  4 iguanas
  4 orc wizards
  13 gnolls
  4 adders
  A white imp (D:5)
  2 ufetubi (D:6)
  3 dart slugs
  24 orcs
  6 endoplasms
  6 giant cockroaches
  12 goblins
  3 hobgoblins
  11 jackals
  14 kobolds
  4 quokkas
  10 ball pythons
  10 bats
  3 frilled lizards
  5 rats
168 creatures vanquished.

Vanquished Creatures (others)
  11 fulminant prisms
11 creatures vanquished.

Grand Total: 179 creatures vanquished

Notes
Turn   | Place    | Note
-------+----------+-------------------------------------------
     0 | D:1      | raph the Deep Elf Conjurer began the quest for the Orb.
     0 | D:1      | Reached XP level 1. HP: 10/10 MP: 6/6
   291 | D:1      | Reached XP level 2. HP: 15/15 MP: 6/8
   386 | D:1      | Reached skill level 5 in Conjurations
   397 | D:1      | Learned a level 2 spell: Searing Ray
  1066 | D:1      | Reached XP level 3. HP: 19/19 MP: 3/9
  1070 | D:1      | Learned a level 3 spell: Dazzling Flash
  2168 | D:2      | Found a faded altar of an unknown god.
  2216 | D:2      | Reached skill level 6 in Conjurations
  2742 | D:3      | Reached XP level 4. HP: 23/24 MP: 10/10
  2976 | D:3      | Reached skill level 1 in Hexes
  3492 | D:3      | Learned a level 4 spell: Fulminant Prism
  3897 | D:3      | Reached XP level 5. HP: 28/28 MP: 9/12
  4687 | D:4      | Reached skill level 7 in Conjurations
  4687 | D:4      | Reached XP level 6. HP: 32/32 MP: 9/14
  5214 | D:4      | Found a shimmering altar of Xom.
  5214 | D:4      | Found a burning altar of Makhleb.
  5365 | D:5      | Entered Level 5 of the Dungeon
  5383 | D:5      | Reached skill level 5 in Spellcasting
  5599 | D:5      | Found a staircase to the Ecumenical Temple.
  5609 | D:5      | Reached XP level 7. HP: 28/36 MP: 16/16
  5620 | D:5      | Reached skill level 8 in Conjurations
  5837 | Temple   | Entered the Ecumenical Temple
  5959 | Temple   | Learned a level 4 spell: Iskenderun's Mystic Blast
  5961 | Temple   | Became a worshipper of Vehumet
  6123 | D:5      | Identified the +10 great mace "Renuw" {vorpal, rC+ Dex+3}
  6211 | D:5      | Found a broken altar of Ashenzari.
  6258 | D:5      | Reached skill level 1 in Translocations
  6324 | D:5      | Reached skill level 1 in Fighting
  6331 | D:5      | Reached XP level 8. HP: 32/43 MP: 13/19
  6905 | D:6      | Reached skill level 5 in Hexes
  7132 | D:6      | Reached skill level 9 in Conjurations
  7884 | D:6      | Found Ypulun's Firing Range.
  8025 | D:6      | Reached XP level 9. HP: 44/49 MP: 19/21
  8275 | D:7      | Reached * piety under Vehumet
  8275 | D:7      | Offered knowledge of Foxfire by Vehumet.
  8283 | D:7      | Slain by a water moccasin

Illustrated notes

Levels and vault maps discovered:
D:1:      roderic_crop_circles_arrival_small, layout_basic
D:2:      layout_basic, ebering_ecumenical_altar_webs
D:3:      layout_basic, minmay_fractal_squares_5
D:4:      layout_basic, grunt_temple_overflow_champion_of_chaos,
          chequers_serial_rivers_large_b
D:5:      layout_loops_ring, nicolae_ashenzari_skybound,
          minmay_temple_entry_sparse_star
D:6:      layout_loops_corners, nicolae_shop_firing_range
D:7:      layout_rooms, nicolae_uskayaw_suspiria,
          chequers_temple_overflow_minitemple, minmay_misc_feat_columns,
          nicolae_water_bricks
Temple:   nicolae_temple_godzebo

Skill      XL: |  1  2  3  4  5  6  7  8 |
---------------+-------------------------+-----
Conjurations   | 5 6 7 8 9 |  9.6
Hexes          | 1 2 3 4 6 |  6.1
Spellcasting   | 4 5 6 7 |  7.0
Translocations | 1 3 |  3.2
Dodging        | 3 4 |  4.5
Fighting       | 1 2 |  2.4
Stealth        | |  2.4

Action                   |  1- 3 |  4- 6 |  7- 9 || total
-------------------------+-------+-------+-------++-------
Melee: Dagger            |    10 |     6 |       ||    16
       Punch             |     1 |       |     1 ||     2
       Short sword       |       |     5 |     5 ||    10
 Cast: Magic Dart        |    46 |    27 |     3 ||    76
       Searing Ray       |    21 |    46 |    25 ||    92
       Fulminant Prism   |       |     3 |     8 ||    11
  Use: Scroll            |     5 |     3 |     5 ||    13
       Potion            |       |       |     4 ||     4
 Stab: Sleeping          |     1 |       |       ||     1
Armor: Robe              |     8 |     8 |    10 ||    26
Dodge: Dodged            |    20 |    21 |    24 ||    65
Block: Other             |       |       |     7 ||     7
       Reflection        |       |       |     1 ||     1
